 Dungeon Crawl Stone Soup version 5.6-49-g8abd877 (webtiles) character file.

0 rednecknazgul the Ducker (level 5, 14/48 HPs) *CASUAL*
             Began as a Gnoll Monk on Jan 2, 2019.
             Quit the game on level 2 of the Dungeon.
             The game lasted 00:01:31 (1233 turns).

rednecknazgul the Ducker (Gnoll Monk)               Turns: 1233, Time: 00:01:32

Health: 14/48      AC:  5 (24%)Str: 13  XL:     5   Next: 81%
Magic:  7/7        EV: 15    Int: 10    God:
Gold:   165        SH:  0    Dex: 15    Spells: 8/8 levels left

rFire    . . .     SeeInvis .   a - +0 mace
rCold    . . .     Faith    .   (no shield)
rNeg     . . .     Spirit   .   g - +0 ring mail
rPois    .         Reflect  .   (no helmet)
rElec    .                      (no cloak)
rCorr    .                      (no gloves)
MR       .....                  (no boots)
Stlth    +++.......             (no amulet)
Regen    0.2/turn               (no ring)
MPRegen  0.2/turn               (no ring)

@: exhausted, slowed, very slow
A: no striking features
a: no special abilities


You were on level 2 of the Dungeon.
You were not hungry.

You visited 1 branch of the dungeon, and saw 2 of its levels.

You collected 165 gold pieces.

Inventory:

Hand Weapons
 a - a +0 mace (weapon)
Armour
 b - a +0 robe
 g - a +0 ring mail (worn)
Scrolls
 c - a scroll of teleportation
 i - 3 scrolls of enchant weapon
 j - 2 scrolls of amnesia
Potions
 d - 2 potions of ambrosia
 e - a potion of berserk rage
 f - a potion of augmentation
 h - a potion of flight
 k - a potion of cancellation
 l - a potion of mutation


   Skills:
 + Level 7.4 Fighting
 + Level 3.0 Blades
 + Level 3.0(5.6) Axes
 + Level 7.4 Maces & Staves
 + Level 3.0 Polearms
 + Level 3.0 Bows & Xbows
 + Level 3.0 Throwing
 + Level 3.0 Armour
 + Level 7.4 Dodging
 + Level 5.6 Stealth
 + Level 3.0 Shields
 + Level 3.0 Unarmed Combat
 + Level 3.0 Hexes
 + Level 3.0 Charms
 + Level 3.0 Summonings
 + Level 3.0 Necromancy
 + Level 3.0 Translocations
 + Level 3.0 Transmutations
 + Level 3.0 Fire Magic
 + Level 3.0 Ice Magic
 + Level 3.0 Air Magic
 + Level 3.0 Earth Magic
 + Level 7.0 Invocations
 + Level 3.0 Evocations


You had 8 spell levels left.
You didn't know any spells.
Your spell library was empty.

Dungeon Overview and Level Annotations

Branches:
Dungeon (2/15)

Altars:
Makhleb


Message History

Crazy Yiuf freezes you (3).
You closely miss Crazy Yiuf.
Crazy Yiuf is moderately wounded.
Crazy Yiuf hits you with a +3 quarterstaff of chaos (16)!
* * * LOW HITPOINT WARNING * * *
A red film seems to cover your vision as you go berserk!
You feel yourself moving faster!
You feel mighty!
You hit Crazy Yiuf (6).
Crazy Yiuf is severely wounded.
You sock Crazy Yiuf (14)!
You kill Crazy Yiuf!
Things that are here:
a +3 quarterstaff of chaos; a +0 cloak You feel a strong urge to attack something.
You feel your anger subside.
You are no longer berserk.
You are exhausted.
You feel yourself slow down.
Things that are here:
a +3 quarterstaff of chaos; a +0 cloak Are you sure you want to abandon this character and quit the game? (Confirm with "yes".)

######.########.#
#.####.#
##...............#
#.# #.#
###...###.#####.####
#.# #.# ......# ###
### ###.####.#
###...# #......#.#
##.## ######.#(#
#.###♣♣ ##### #.#.#
#.....♣♣ ♣♣#..)#
#.#)#
#......♣♣♣♣.'@..#
#.#.#
#.......♣..♣#...#
#.#.#
#.#....♣.♣♣♣#####
#.#.# #..##♣♣♣♣♣
#)#.## ### #....#
### ### ###..#
#.#####.#### #..#
#.#........#
##########..#
######.#.###.##.#
#...........#


There were no monsters in sight!

Vanquished Creatures
  Crazy Yiuf (D:2)
  An adder (D:2)
  2 oozes (D:2)
  4 dart slugs
  A quokka (D:1)
  2 giant cockroaches (D:1)
  5 goblins
  2 hobgoblins (D:2)
  11 jackals
  6 kobolds
  3 bats
  3 frilled lizards
  2 rats (D:1)
43 creatures vanquished.

Notes
Turn   | Place    | Note
-------+----------+-------------------------------------------
     0 | D:1      | rednecknazgul the Gnoll Monk began the quest for the Orb.
     0 | D:1      | Reached XP level 1. HP: 21/21 MP: 2/2
    52 | D:1      | Reached XP level 2. HP: 26/28 MP: 3/3
   340 | D:1      | Reached XP level 3. HP: 35/35 MP: 5/5
   586 | D:2      | Reached XP level 4. HP: 41/41 MP: 6/6
   595 | D:2      | Found a burning altar of Makhleb.
   670 | D:2      | Found a faded altar of an unknown god.
   844 | D:2      | Reached XP level 5. HP: 47/48 MP: 7/7
  1216 | D:2      | Found a runed door.
  1220 | D:2      | Noticed Crazy Yiuf
  1227 | D:2      | Killed Crazy Yiuf
  1233 | D:2      | Quit the game

Action                   |  1- 3 |  4- 6 || total
-------------------------+-------+-------++-------
Melee: Mace              |    52 |    75 ||   127
       Punch             |     1 |     3 ||     4
 Stab: Sleeping          |     5 |     3 ||     8
Armor: Robe              |    14 |     7 ||    21
       Ring mail         |       |    12 ||    12
Dodge: Dodged            |    55 |    52 ||   107
